 Dungeon Crawl Stone Soup version 0.31-a0-1074-g0b22e4e0f1 (webtiles) character file.

Game seed: 4410805159976855788

39 grandjackal the Trooper (level 3, -6/37 HPs)
             Began as an Ogre Warper on Nov 29, 2023.
             Mangled by a gnoll
             ... wielding a +0 halberd
              (10 damage)
             ... on level 3 of the Dungeon.
             The game lasted 00:01:37 (1853 turns).

grandjackal the Trooper (Ogre Warper)               Turns: 1853, Time: 00:01:37

Health: -6/37      AC:  3    Str: 15    XL:     3   Next: 45%
Magic:  7/7        EV:  9    Int: 16    God:
Gold:   169        SH:  0    Dex:  8    Spells: 6/8 levels left

rFire   . . .        a - +0 mace
rCold   . . .        (no shield)
rNeg    . . .        b - +0 robe
rPois   .            (helmet restricted)
rElec   .            (no cloak)
rCorr   .            (gloves unavailable)
SInv    .            (boots unavailable)
Will    .....        (no amulet)
Stlth   +            (no ring)
HPRegen 0.26/turn    (no ring)
MPRegen 0.10/turn

%: no passive effects
@: confused
A: large, unfitting armour, tough skin 1
a: no special abilities


You were on level 3 of the Dungeon.
You visited 1 branch of the dungeon, and saw 3 of its levels.

You collected 169 gold pieces.

Inventory:

Hand Weapons
 a - a +0 mace (weapon)
Missiles
 d - 7 darts of dispersal (quivered)
Armour
 b - a +0 robe (worn)
Wands
 m - a wand of polymorph (1)
Scrolls
 c - a scroll of blinking
 e - a scroll of enchant weapon {unknown}
 g - a scroll of poison {unknown}
 h - a scroll of identify {unknown}
 j - a scroll of amnesia {unknown}
 k - a scroll of teleportation {unknown}
 l - a scroll of butterflies {unknown}
Potions
 f - 2 potions of curing {unknown}
 i - a potion of brilliance {unknown}
 n - 2 potions of might {unknown}
 o - a potion of degeneration {unknown}


   Skills:
 + Level 3.4 Fighting
 + Level 2.2 Maces & Flails
 - Level 1.0 Throwing
 - Level 2.1 Dodging
 + Level 3.0 Spellcasting
 + Level 3.0 Translocations


You had 6 spell levels left.
You knew the following spells:

 Your Spells              Type           Power      Damage    Failure   Level
a - Blink                 Tloc           24%        N/A       8%          2

Your spell library contained the following spells:

 Spells                   Type           Power      Damage    Failure   Level
 Lesser Beckoning         Tloc           24%        N/A       8%          2
 Teleport Other           Tloc           12%        N/A       16%         3
 Ensorcelled Hibernation  Hex/Ice        4%         N/A       28%         2
 Jinxbite                 Hex            4%         N/A       28%         2
 Manifold Assault         Tloc           12%        N/A       45%         4
 Vhi's Electric Charge    Tloc/Air       14%        N/A       69%         4
 Anguish                  Hex/Necr       1%         N/A       88%         4


Dungeon Overview and Level Annotations

Branches:
Dungeon (3/15)

Altars:
Gozag


Innate Abilities, Weirdness & Mutations

You are too large for most types of armour.
You have tough skin. (AC +1)


Message History

Done exploring.
There is an open door here.
You see here 9 stones.
There is a stone staircase leading down here.
You climb downwards.
Found 21 gold pieces, a stone and a quarterstaff.
There is a stone staircase leading up here.
You now have 159 gold pieces (gained 11).
You now have 169 gold pieces (gained 10).
A gnoll comes into view. It is wielding a +0 whip.
The gnoll shouts!
You hear a shout!
A gnoll comes into view. It is wielding a +0 club.
There are monsters nearby!
There are monsters nearby!
A gnoll comes into view. It is wielding a +0 halberd.
There is a stone staircase leading up here.
The gnoll shouts!
A gnoll comes into view.
It is wielding a +0 flail and carrying a wand of charming.
The gnoll shouts!
A gnoll comes into view. It is wielding a +0 club.
The gnoll shouts!
A gnoll comes into view.
It is wielding a +0 whip and quivering atropa-tipped darts.
The gnoll barely misses you.
The gnoll zaps a wand.
Your will is overpowered!
You are confused.
The gnoll shouts!
The gnoll completely misses you.
The gnoll hits you from afar with a +0 halberd.
In your confused state, you trip and fall back down the stairs.
The gnoll hits you with a +0 whip. The gnoll completely misses you.
The gnoll zaps a wand.
Your will is overpowered!
You are more confused.
The gnoll hits you with a +0 whip.
The gnoll hits you from afar with a +0 halberd!
* * * LOW HITPOINT WARNING * * *
In your confused state, you trip and fall back down the stairs.
* * * LOW HITPOINT WARNING * * *
The gnoll hits you with a +0 whip.
* * * LOW HITPOINT WARNING * * *
The gnoll hits you from afar with a +0 halberd!
You die...

..........# #####...g
#..........####........
#..........##...#
#..........#..###
#............##
#..........####..#
...(..............
........g....##.##
....gg.@.........
.....g.......#.##
.#.g###...##...# .r.
#.#.....)# ..
#...##...# ###.# .....
#.. .#. .


You could see 5 gnolls and a rat.

Vanquished Creatures
  8 ball pythons
  5 bats
  3 endoplasms
  A giant cockroach (D:1)
  A hobgoblin (D:2)
  4 jackals (D:1)
  5 kobolds
  5 goblins
  A rat (D:1)
33 creatures vanquished.

Notes
Turn   | Place    | Note
-------+----------+-------------------------------------------
     0 | D:1      | grandjackal the Ogre Warper began the quest for the Orb.
     0 | D:1      | Reached XP level 1. HP: 22/22 MP: 3/3
    50 | D:1      | Reached XP level 2. HP: 16/31 MP: 5/5
   113 | D:1      | Learned a level 2 spell: Blink
   987 | D:2      | Reached XP level 3. HP: 23/37 MP: 7/7
  1403 | D:2      | Found the +5 robe of Misfortune {Harm *Corrode *Slow EV+5}
  1534 | D:2      | Found an opulent altar of Gozag.
  1853 | D:3      | Mangled by a gnoll

Illustrated notes

Levels and vault maps discovered:
D:1:      shiori_arrival_oz, layout_basic
D:2:      layout_basic, basic_altar
D:3:      layout_rooms, minmay_misc_feat_columns

Skill      XL: |  1  2  3 |
---------------+----------+-----
Fighting       | 3 |  3.4
Maces & Flails | 2 |  2.2
Translocations | 3 |  3.0
Spellcasting   | 3 |  3.0
Throwing       | |  1.0
Dodging        | |  2.1

Action                     || total
---------------------------++-------
  Melee: Mace              ||   123
 Armour: Robe              ||   104
  Dodge: Dodged            ||    77

Table legend: (Time is in decaauts)
 A = Elapsed time spent in this place.
 B = Non-inter-level travel time spent in this place.
 C = Inter-level travel time spent in this place.
 D = Time resting spent in this place.
 E = Time spent auto-exploring this place.
 F = Levels seen in this place.
 G = Mean time per level.
                   A        B        C        D        E       F      G
               +--------+--------+--------+--------+--------+-----+--------+
         Total |   1889 |   1831 |     58 |    153 |   1382 |   3 |  629.7 |
       Dungeon |   1889 |   1831 |     58 |    153 |   1382 |   3 |  629.7 |
               +--------+--------+--------+--------+--------+-----+--------+

Top non-repeatable levels by time:
     D:1: 975 daAuts
     D:2: 883 daAuts
     D:3: 30 daAuts
